 Dungeon Crawl Stone Soup version 0.17.0-9-g801d43b (webtiles) character file.

4006 M4edhros the Covert (level 10, 0/58 HPs)
             Began as an Octopode Artificer on Nov 10, 2015.
             Was a Priest of Fedhas.
             Succumbed to a killer bee's poison
             ... on level 9 of the Dungeon.
             The game lasted 00:22:00 (9403 turns).

M4edhros the Covert (Octopode Artificer)            Turns: 9403, Time: 00:22:00

Health: 0/58       AC:  1    Str: 17      XL:     10   Next: 23%
Magic:  24/24      EV: 11    Int: 13 (14) God:    Fedhas [***...]
Gold:   422        SH:  3    Dex: 13      Spells: 0 memorised, 9 levels left

rFire  . . .     SeeInvis .     f - +0 rapier
rCold  . . .     Clarity  .     w - +0 buckler
rNeg   . . .     SustAt   +     (helmet restricted)
rPois  .         Gourm    .     (no amulet)
rElec  .         Spirit   .     u - ring of sustain attributes
rCorr  .         Warding  .     y - ring of magical power
rMut   .         Stasis   .     q - ring of wizardry
MR     +....                    (no ring)
Stlth  +++++++...               (no ring)
                                (no ring)
                                (no ring)
                                (no ring)

@: mighty, lethally poisoned (0 -> -3), about to teleport, very slightly
contaminated, hasted, very quick, somewhat resistant to hostile enchantments,
extremely stealthy
A: almost no armour, amphibious, 8 rings, constrict 8, camouflage 1, breathe
flames 1, clumsy 1, magic resistance 1, gelatinous body 1
a: Evolution, Sunlight, Growth, Renounce Religion, Breathe Fire


You were on level 9 of the Dungeon.
You worshipped Fedhas.
Fedhas was most pleased with you.
You were not hungry.

You visited 1 branch of the dungeon, and saw 9 of its levels.

You collected 422 gold pieces.

Inventory:

Hand Weapons
 f - a +0 rapier (weapon)
 j - a +1 hunting sling
 m - a +0 blowgun
Missiles
 a - 22 sling bullets
 i - 112 stones (quivered)
 r - 2 curare-tipped needles
Armour
 w - a +0 buckler (worn)
Jewellery
 q - a ring of wizardry (on tentacle)
 u - a ring of sustain attributes (left tentacle)
 y - a ring of magical power (right tentacle)
 Q - an uncursed ring of flight {unknown}
 S - an uncursed ring of flight {unknown}
Wands
 b - a wand of flame (5)
 c - a wand of enslavement (14)
 d - a wand of random effects (10)
 s - a wand of random effects (34)
 v - a wand of fire (9)
 F - a wand of random effects (31)
 I - a wand of digging (10)
 K - a wand of cold (5)
 T - a wand of magic darts (13)
 W - a wand of paralysis (12)
Scrolls
 g - 3 scrolls of remove curse
 k - a scroll of enchant weapon
 l - a scroll of fear
 n - 2 scrolls of recharging
 o - 3 scrolls of teleportation
 p - 6 scrolls of identify
 t - 4 scrolls of amnesia
 x - 3 scrolls of fog {unknown}
 z - 2 scrolls of noise {unknown}
 C - 2 scrolls of magic mapping {unknown}
 E - 2 scrolls of enchant armour {unknown}
 G - 2 scrolls of immolation {unknown}
 N - a scroll of random uselessness {unknown}
Potions
 h - 2 potions of magic
Books
 D - a book of Changes

   Spells                             Type                      Level
   a - Beastly Appendage              Transmutation                1
   b - Sticks to Snakes               Transmutation                2
   c - Spider Form                    Transmutation/Poison         3
   d - Ice Form                       Ice/Transmutation            4
   e - Blade Hands                    Transmutation                5
 H - a book of Annihilations

   Spells                             Type                      Level
   a - Poison Arrow                   Conjuration/Poison           6
   b - Chain Lightning                Conjuration/Air              8
   c - Lehudib's Crystal Spear        Conjuration/Earth            8
   d - Glaciate                       Conjuration/Ice              9
   e - Fire Storm                     Conjuration/Fire             9
 O - a book of the Warp

   Spells                             Type                      Level
   a - Recall                         Summoning/Translocation      3
   b - Gell's Gravitas                Hexes/Translocation          3
   c - Force Lance                    Conjuration/Translocation    4
   d - Phase Shift                    Translocation                5
   e - Warp Weapon                    Charms/Translocation         5
   f - Summon Forest                  Summoning/Translocation      5
 V - a book of Alchemy

   Spells                             Type                      Level
   a - Sublimation of Blood           Necromancy                   2
   b - Ignite Poison                  Fire/Transmutation/Poison    3
   c - Alistair's Intoxication        Transmutation/Poison         4
   d - Condensation Shield            Ice                          4
   e - Petrify                        Transmutation/Earth          4
   f - Irradiate                      Conjuration/Transmutation    5
Comestibles
 e - 6 bread rations
 L - 7 slices of pizza
 P - 8 fruits


   Skills:
 - Level 1.0 Fighting
 - Level 1.0 Short Blades
 * Level 8.2 Slings
 - Level 2.0 Dodging
 * Level 12.2 Stealth
 + Level 5.8 Invocations
 + Level 7.1 Evocations


You had 9 spell levels left.
You didn't know any spells.

Dungeon Overview and Level Annotations

Branches:
Dungeon (9/15)             Temple (0/1) D:7
   Lair: D:8-11         Orc: D:9-12

Altars:
Ashenzari
Dithmenos
Fedhas
Gozag
Kikubaaqudgha
Ru
Trog
Vehumet
Zin

Shops:
D:6 }


Innate Abilities, Weirdness & Mutations

You cannot wear most types of armour.
You are amphibious.
You can wear up to eight rings at the same time.
You can use your tentacles to constrict eight enemies at once.
Your skin changes colour to match your surroundings (Stealth).
Your rubbery body absorbs attacks (AC +1).
You can breathe flames.
You are clumsy. (Dex -2)
You are resistant to hostile enchantments.


Message History

You feel strangely unstable.
* * * LOW HITPOINT WARNING * * *
You feel sick.
* * * LOW HITPOINT WARNING * * *
You feel sick.
Your surroundings suddenly seem different.
Found a mace.
A black bear comes into view.
* * * LOW HITPOINT WARNING * * *
You feel sick.
The helpless black bear fails to defend itself.
You stick the black bear like a pincushion!!!
You kill the black bear!
Read which item? (? for menu, Esc to quit)
As you read the scroll of teleportation, it crumbles to dust.
You feel strangely unstable.
* * * LOW HITPOINT WARNING * * *
You feel sick.
You die...
Fedhas appreciates your contribution to the ecosystem.

##...../.
###### #
#..####.# .
##. .# ♣. #
.# .#
###########
......)..†#
..........#
.......@..#
###########


There were no monsters in sight!

Vanquished Creatures
  A cyclops (D:8)
  A wyvern (D:8)
  A human (D:7)
  A hippogriff (D:8)
  An orc warrior (D:7)
  A black bear (D:9)
  A wasp (D:8)
  4 ogres
  2 giant frogs (D:8)
  A scorpion (D:4)
  A killer bee (D:9)
  2 crimson imps (D:8)
  An orc priest (D:8)
  A centaur skeleton (D:5)
  Crazy Yiuf (D:7)
  2 giant frog skeletons
  An orc wizard (D:9)
  3 worker ants
  An iguana (D:7)
  3 sheep (D:7)
  2 hound skeletons
  2 gnolls (D:4)
  2 adders
  2 oozes
  An adder zombie (D:7)
  3 adder skeletons
  2 worms (D:2)
  28 orcs
  14 bats
  11 goblins
  9 hobgoblins
  6 jackals
  2 quokkas
  2 ball pythons
  A giant cockroach (D:1)
  2 giant cockroach zombies (D:2)
  6 giant geckos
  A giant gecko zombie (D:5)
  4 giant newts
  A jackal skeleton (D:2)
  10 kobolds
  A quokka skeleton (D:2)
  4 rats
146 creatures vanquished.

Vanquished Creatures (collateral kills)
  A troll (D:8)
  A wyvern (D:8)
  Eustachio (D:4)
  Menkaure (D:4)
  3 black bears
  2 phantoms
  3 sky beasts (D:6)
  An ice beast (D:8)
  3 ogres
  3 centaurs
  A giant frog (D:8)
  A big kobold (D:4)
  A wyvern skeleton (D:9)
  A scorpion (D:5)
  3 killer bees
  A centaur skeleton (D:8)
  5 hounds
  7 orc priests
  A giant frog skeleton (D:7)
  An iguana (D:8)
  Terence (D:3)
  2 worker ants
  8 orc wizards
  A sheep (D:7)
  5 adders
  9 gnolls
  2 shadow imps
  A worm (D:2)
  16 orcs
  3 jackals
  2 kobolds (D:4)
  2 quokkas (D:8)
93 creatures vanquished.

Vanquished Creatures (others)
  A necrophage (D:8)
  A killer bee (D:9)
  A worker ant zombie (D:6)
  9 wandering mushrooms
  A plant (D:4)
  180 toadstools
193 creatures vanquished.

Grand Total: 432 creatures vanquished

Notes
Turn   | Place    | Note
--------------------------------------------------------------
     0 | D:1      | M4edhros the Octopode Artificer began the quest for the Orb.
     0 | D:1      | Reached XP level 1. HP: 13/13 MP: 3/3
   254 | D:1      | Found a shattered altar of Ashenzari.
   278 | D:1      | Reached XP level 2. HP: 18/18 MP: 4/4
   360 | D:2      | Found a faded altar to an unknown god.
   366 | D:2      | Became a worshipper of Fedhas Madash
   366 | D:2      | Reached * piety under Fedhas
   460 | D:2      | Reached skill level 1 in Slings
   595 | D:1      | Reached XP level 3. HP: 23/23 MP: 5/5
  1254 | D:2      | Reached XP level 4. HP: 28/28 MP: 6/6
  1526 | D:2      | Reached ** piety under Fedhas
  1725 | D:3      | Reached skill level 4 in Evocations
  1769 | D:3      | Reached XP level 5. HP: 29/33 MP: 8/8
  1918 | D:3      | Noticed Terence
  1925 | D:3      | Killed Terence
  2398 | D:3      | Reached skill level 5 in Stealth
  2398 | D:3      | Reached skill level 1 in Invocations
  2494 | D:3      | Reached XP level 6. HP: 27/38 MP: 9/9
  3231 | D:4      | Reached skill level 6 in Stealth
  3264 | D:4      | Reached *** piety under Fedhas
  3377 | D:4      | Reached XP level 7. HP: 20/43 MP: 10/10
  3530 | D:4      | Gained mutation: You are somewhat resistant to further mutation. [potion of beneficial mutation]
  3730 | D:4      | Noticed Menkaure
  3737 | D:4      | Killed Menkaure
  3739 | D:4      | Noticed Eustachio
  3756 | D:4      | Killed Eustachio
  3756 | D:4      | Reached skill level 7 in Stealth
  3971 | D:4      | Reached skill level 5 in Evocations
  4345 | D:5      | Entered Level 5 of the Dungeon
  4775 | D:5      | Reached XP level 8. HP: 48/48 MP: 11/11
  4862 | D:5      | Reached skill level 5 in Slings
  4969 | D:5      | Reached skill level 8 in Stealth
  5083 | D:5      | Found a radiant altar of Vehumet.
  5348 | D:5      | Found an ancient bone altar of Kikubaaqudgha.
  5937 | D:6      | Found a shadowy altar of Dithmenos.
  6141 | D:6      | Found Luko's Quality Used Wands.
  6173 | D:6      | Reached skill level 9 in Stealth
  6371 | D:6      | Gained mutation: You are partially covered in thin metallic scales (AC +2). [mutagenic meat]
  6372 | D:6      | Gained mutation: Your mind is acute. (Int +2) [mutagenic meat]
  6375 | D:6      | Gained mutation: You are weak. (Str -2) [mutagenic meat]
  6441 | D:6      | Reached **** piety under Fedhas
  6819 | D:7      | Reached XP level 9. HP: 30/53 MP: 13/13
  6957 | D:7      | Noticed Crazy Yiuf
  6965 | D:7      | Killed Crazy Yiuf
  6965 | D:7      | Reached skill level 10 in Stealth
  7202 | D:7      | Found a staircase to the Ecumenical Temple.
  7433 | D:7      | Found an opulent altar of Gozag.
  7608 | D:7      | Found a glowing silver altar of Zin.
  7624 | D:7      | Found a sacrificial altar of Ru.
  8280 | D:8      | Reached skill level 5 in Invocations
  8296 | D:8      | Reached skill level 11 in Stealth
  8311 | D:8      | Noticed a cyclops
  8323 | D:8      | Killed a cyclops
  8526 | D:8      | Reached XP level 10. HP: 21/58 MP: 15/15
  8838 | D:8      | Found a radiant altar of Vehumet.
  8856 | D:8      | Reached skill level 12 in Stealth
  9181 | D:8      | Found a bloodstained altar of Trog.
  9181 | D:8      | Found a blossoming altar of Fedhas.
  9358 | D:9      | Lost mutation: Your mind is acute. (Int +2) [potion of cure mutation]
  9358 | D:9      | Lost mutation: You are weak. (Str -2) [potion of cure mutation]
  9358 | D:9      | Lost mutation: You are partially covered in thin metallic scales (AC +2). [potion of cure mutation]
  9358 | D:9      | Lost mutation: You are somewhat resistant to further mutation. [potion of cure mutation]
  9360 | D:9      | Gained mutation: You can breathe flames. [potion of mutation]
  9360 | D:9      | Gained mutation: You are clumsy. (Dex -2) [potion of mutation]
  9360 | D:9      | Gained mutation: You are resistant to hostile enchantments. [potion of mutation]
  9399 | D:9      | HP: 2/58 [poisoned by a killer bee]
  9403 | D:9      | Succumbed to a killer bee's poison

Action                   |  1- 3 |  4- 6 |  7- 9 | 10-12 || total
-------------------------+-------+-------+-------+-------++-------
Melee: Short sword       |    15 |       |       |       ||    15
       Rapier            |       |       |    14 |    21 ||    35
 Fire: Hunting sling     |    75 |   303 |   432 |    46 ||   856
Invok: Evolution         |     1 |     1 |     7 |     2 ||    11
       Sunlight          |       |       |     1 |       ||     1
Evoke: Wand              |       |       |    21 |     2 ||    23
  Use: Potion            |       |     5 |     3 |     6 ||    14
       Scroll            |       |     1 |     1 |     7 ||     9
 Stab: Sleeping          |     3 |       |       |     3 ||     6
  Eat: Meat ration       |       |     1 |     1 |       ||     2
       Beef jerky        |       |     1 |     3 |     1 ||     5
       Chunk             |       |       |    11 |       ||    11
       Bread ration      |       |       |     1 |     1 ||     2
       Pizza             |       |       |     1 |       ||     1
